 Dungeon Crawl Stone Soup version 0.30-a0-377-g5cb311bc9f (webtiles) character file.

Game seed: 7064345422996566954

859 SmokeWeed the Ogre Mage (level 8, -9/79 HPs)
             Began as an Ogre Hedge Wizard on Nov 27, 2022.
             Was a Follower of Okawaru.
             Mangled by a hornet (12 damage)
             ... while paralysed by a hornet
             ... on level 7 of the Dungeon on Nov 28, 2022.
             The game lasted 00:45:13 (6605 turns).

SmokeWeed the Ogre Mage (Ogre Hedge Wizard)         Turns: 6605, Time: 00:45:14

Health: -9/79      AC:  4    Str: 13 (15) XL:     8   Next: 2%
Magic:  14/16      EV:  1    Int: 14 (15) God:    Okawaru [*.....]
Gold:   183        SH:  0    Dex:  9 (10) Spells: 9/18 levels left

rFire   . . .      SeeInvis .    r - +3 whip (drain)
rCold   . . .      Faith    .    (no shield)
rNeg    + . .      Spirit   .    b - +0 robe
rPois   .          Reflect  +    c - +0 hat
rElec   .          Harm     .    i - +0 cloak
rCorr   +          Rampage  .    (gloves unavailable)
Will    .....                    (boots unavailable)
Stlth   ++........               o - amulet of reflection
HPRegen 0.33/turn                k - ring of positive energy
MPRegen 0.15/turn                v - ring of resist corrosion

@: paralysed, lethally poisoned (-9 -> -24), slowed
A: large, unfitting armour, tough skin 1
a: Renounce Religion, Heroism


You were on level 7 of the Dungeon.
You worshipped Okawaru.
Okawaru was aware of your devotion.
You visited 2 branches of the dungeon, and saw 8 of its levels.

You collected 183 gold pieces.

Inventory:

Hand Weapons
 e - a +2 quarterstaff of chaos
 m - a +2 mace of protection
 r - a +3 whip of draining (weapon)
Missiles
 h - 58 stones
 j - 28 poisoned darts
 n - 5 atropa-tipped darts
Armour
 b - a +0 robe (worn)
 c - a +0 hat (worn)
 i - a +0 cloak (worn)
Magical Staves
 a - a staff of fire
Jewellery
 k - a ring of positive energy (left hand)
 o - an amulet of reflection (around neck)
 v - a ring of resist corrosion (right hand)
Wands
 p - a wand of polymorph (6)
 y - a wand of digging (3)
Scrolls
 f - a scroll of fear
 g - a scroll of identify
 q - a scroll of magic mapping
Potions
 d - a potion of magic
 l - a potion of attraction
 s - a potion of heal wounds
 t - a potion of degeneration


   Skills:
 * Level 4.6 Fighting
 - Level 3.3 Maces & Flails
 + Level 0.5 Throwing
 + Level 3.0 Dodging
 + Level 2.2 Stealth
 + Level 1.6 Shields
 + Level 5.6 Spellcasting
 + Level 2.9 Conjurations
 + Level 0.1 Hexes
 - Level 1.1 Summonings
 + Level 1.4 Translocations


You had 9 spell levels left.
You knew the following spells:

 Your Spells              Type           Power      Damage    Failure   Level
a - Magic Dart            Conj           48%        1d5       4%          1
b - Slow                  Hex            16%        N/A       16%         1
c - Blink                 Tloc           16%        N/A       14%         2
d - Call Imp              Summ           7%         N/A       16%         2
e - Mephitic Cloud        Conj/Pois/Air  6%         N/A       32%         3

Your spell library contained the following spells:

 Spells                   Type           Power      Damage    Failure   Level
 Momentum Strike          Conj/Tloc      20%        3d8       10%         2
 Cigotuvi's Dreadful Rot  Necr/Pois/Air  6%         N/A       26%         2
 Sublimation of Blood     Necr           3%         N/A       26%         2
 Lesser Beckoning         Tloc           16%        N/A       26%         3
 Petrify                  Tmut/Erth      3%         N/A       86%         4
 Irradiate                Conj/Tmut      4%         3d13      94%         5


Dungeon Overview and Level Annotations

Branches:
Dungeon (7/15)             Temple (1/1) D:4

Altars:
Ashenzari
Cheibriados
Dithmenos
Elyvilon
Fedhas
Gozag
Hepliaklqana
Kikubaaqudgha
Makhleb
Nemelex Xobeh
Okawaru
Qazlal
Ru
Sif Muna
Trog
Uskayaw
Vehumet
Xom
Yredelemnul
Zin
The Shining One

Annotations:
D:4 1 runed translucent door, Valiant's ghost, amateur DrTm
D:6 Sigmund


Innate Abilities, Weirdness & Mutations

You are too large for most types of armour.
You have tough skin. (AC +1)


Message History

You feel sick.
You hear a shout!
The hornet stings you.
You feel as though you will be slow longer.
The kobold brigand throws a poisoned dart.
The poisoned dart barely misses you.
A kobold comes into view. It is wielding a +0 dagger.
You barely miss the hornet.
The hornet is moderately wounded.
You feel sick. The hornet stings you!
* * * LOW HITPOINT WARNING * * *
You feel as though you will be slow longer.
The hornet closely misses you.
You hit the hornet but do no damage.
The hornet is moderately wounded.
You feel like a meek peon again.
You feel sick. The hornet stings you.
* * * LOW HITPOINT WARNING * * *
You are more poisoned.
You feel as though you will be slow longer.
A kobold comes into view. It is wielding a +0 dagger.
The hornet barely misses you.
You closely miss the hornet.
The hornet is moderately wounded.
* * * LOW HITPOINT WARNING * * *
You feel very sick.
The kobold shouts!
You block the hornet's attack. The hornet barely misses you.
You closely miss the hornet.
The hornet is moderately wounded.
* * * LOW HITPOINT WARNING * * *
You feel very sick.
The water moccasin hisses angrily.
You hear a shout!
The hornet stings you.
* * * LOW HITPOINT WARNING * * *
You are more poisoned.
You suddenly lose the ability to move!
A kobold comes into view. It is wielding a +0 club.
The hornet stings you!
You die...

**,****#.#*#.....>.,#**,**,,,,,,
*** ##..##.....##..**,,,,,,***
####..#...........,.,,,,,***,
*#.............#*,,..,,**,,,,,
*..........<..###,..#,,**,,,,,
*#............#.#.S.K,,,,,,,,,
*#...........K......,*,,,,,,,
###........KK..K.#,**,,,,,,,
####.....@y.#.#*****,,,,,,
##....####*# **,,,,, #....#
*,,,,, ###.## *,,,,, ### ******
* * * *


You could see a hornet (drained), a water moccasin, a kobold brigand and 4
kobolds.

Vanquished Creatures
  Duvessa (D:6)
  A phantom (D:6)
  A bullfrog (D:7)
  A scorpion (D:6)
  Dowan (D:6)
  4 hounds
  Crazy Yiuf (D:6)
  2 iguanas (D:5)
  Natasha (twice) (D:4)
  An orc wizard (D:6)
  A mummy (D:6)
  8 adders
  A white imp (D:6)
  An ufetubus (D:6)
  2 worms
  3 dart slugs
  10 orcs
  6 endoplasms
  8 goblins
  9 hobgoblins
  6 jackals
  5 quokkas
  4 ball pythons
  A bat (D:1)
  3 frilled lizards
  9 kobolds
  7 rats
99 creatures vanquished.

Vanquished Creatures (collateral kills)
  An orc wizard (D:4)
  An orc (D:2)
  A ball python (D:4)
  A kobold (D:4)
4 creatures vanquished.

Vanquished Creatures (others)
  An orc (D:4)
  9 plants (D:2)
  8 withered plants (D:2)
18 creatures vanquished.

Grand Total: 121 creatures vanquished

Notes
Turn   | Place    | Note
-------+----------+-------------------------------------------
     0 | D:1      | SmokeWeed the Ogre Hedge Wizard began the quest for the
                  | Orb.
     0 | D:1      | Reached XP level 1. HP: 16/16 MP: 5/5
    28 | D:1      | Reached skill level 1 in Conjurations
   217 | D:1      | Reached skill level 4 in Spellcasting
   259 | D:1      | Reached XP level 2. HP: 24/24 MP: 1/7
   704 | D:2      | Reached XP level 3. HP: 31/31 MP: 8/8
  1100 | D:2      | Found a faded altar of an unknown god.
  1178 | D:2      | Reached skill level 1 in Fighting
  1724 | D:2      | Learned a level 1 spell: Slow
  1727 | D:2      | Learned a level 2 spell: Blink
  1730 | D:2      | Learned a level 2 spell: Call Imp
  1786 | D:3      | Reached XP level 4. HP: 21/41 MP: 3/10
  2074 | D:3      | Identified the +1 leather armour of the Arena {rElec rC-
                  | Will+}
  2477 | D:3      | Reached skill level 1 in Maces & Flails
  2941 | D:4      | Reached XP level 5. HP: 45/49 MP: 9/12
  3011 | D:4      | Reached skill level 1 in Summonings
  3413 | D:4      | Found a staircase to the Ecumenical Temple.
  3427 | Temple   | Entered the Ecumenical Temple
  3450 | Temple   | Became a worshipper of Warmaster Okawaru
  3623 | D:4      | Reached skill level 1 in Translocations
  3818 | D:4      | Learned a level 3 spell: Mephitic Cloud
  3832 | D:4      | Noticed Natasha
  3839 | D:4      | Killed Natasha
  3840 | D:4      | Reached XP level 6. HP: 51/59 MP: 8/13
  4090 | D:4      | Found a runed translucent door.
  4096 | D:4      | Noticed Valiant's ghost (amateur DrTm)
  4129 | D:4      | Noticed Natasha
  4135 | D:4      | Killed Natasha
  4136 | D:4      | Reached skill level 5 in Spellcasting
  4256 | D:5      | Entered Level 5 of the Dungeon
  4920 | D:5      | Noticed a black bear
  5365 | D:5      | Noticed a water moccasin
  5418 | D:6      | Found a snail-covered altar of Cheibriados.
  5552 | D:6      | Reached skill level 1 in Shields
  5552 | D:6      | Reached XP level 7. HP: 25/67 MP: 10/14
  5827 | D:6      | Noticed Dowan
  5989 | D:6      | Noticed Duvessa
  6092 | D:6      | Noticed Sigmund
  6108 | D:6      | Killed Duvessa
  6108 | D:6      | Reached * piety under Okawaru
  6124 | D:6      | HP: 1/70 [Dowan/+1 dagger of venom (4)]
  6130 | D:6      | Killed Dowan
  6359 | D:6      | Found a runed translucent door.
  6360 | D:6      | Noticed Crazy Yiuf
  6370 | D:6      | Killed Crazy Yiuf
  6501 | D:7      | Reached XP level 8. HP: 52/79 MP: 16/16
  6591 | D:7      | Noticed a hornet
  6605 | D:7      | HP: 3/79 [hornet (3)]
  6605 | D:7      | Paralysed by a hornet for 2 turns
  6605 | D:7      | Mangled by a hornet

Illustrated notes

Levels and vault maps discovered:
D:1:      beargit_arrival_greenhouse, layout_rooms
D:2:      layout_loops_ring, shapermc_ecumenical_altar_flowoftime
D:3:      layout_rooms, mrwooster_statue_mirror, moated_statue,
          chequers_serial_rivers_marsh, kennysheep_generic_room_6
D:4:      layout_rooms, minmay_temple_entry_glass,
          ebering_ghost_reflecting_pool, uniq_natasha
D:5:      layout_loops_corners
D:6:      layout_loops_ring, slow_altar_2, portal_sewer_entry_e, uniq_eustachio,
          uniq_crazy_yiuf_cottage, uniq_duvessa, uniq_sigmund
D:7:      layout_cave_pools
Temple:   nicolae_temple_bog_church

Skill      XL: |  1  2  3  4  5  6  7 |
---------------+----------------------+-----
Conjurations   | 1 2 |  2.9
Spellcasting   | 4 5 |  5.6
Fighting       | 1 2 3 4 |  4.6
Dodging        | 2 3 |  3.0
Maces & Flails | 1 2 3 |  3.3
Summonings     | 1 |  1.1
Translocations | 1 |  1.4
Shields        | 1 |  1.6
Stealth        | 2 |  2.2
Throwing       | |  0.5
Hexes          | |  0.1

Action                   |  1- 3 |  4- 6 |  7- 9 || total
-------------------------+-------+-------+-------++-------
Melee: Dagger            |    13 |       |       ||    13
       Whip              |   146 |    78 |    42 ||   266
       Punch             |     1 |     1 |     1 ||     3
       Mace              |       |    84 |    32 ||   116
Throw: Stone             |       |     1 |       ||     1
       Dart              |       |       |     6 ||     6
 Cast: Magic Dart        |    29 |    90 |    18 ||   137
       Call Imp          |     1 |     6 |       ||     7
       Slow              |       |     1 |       ||     1
       Blink             |       |     4 |       ||     4
Invok: Heroism           |       |       |     2 ||     2
  Use: Scroll            |     3 |     8 |     3 ||    14
       Potion            |       |     1 |     7 ||     8
 Stab: Sleeping          |     2 |     3 |     1 ||     6
       Invisible         |       |       |     1 ||     1
Armor: Robe              |    41 |    37 |    16 ||    94
       Skin              |       |       |     2 ||     2
Dodge: Dodged            |    86 |    86 |    33 ||   205
Block: Other             |     6 |    43 |    14 ||    63
       Reflection        |       |     1 |       ||     1

Table legend: (Time is in decaauts)
 A = Elapsed time spent in this place.
 B = Non-inter-level travel time spent in this place.
 C = Inter-level travel time spent in this place.
 D = Time resting spent in this place.
 E = Time spent auto-exploring this place.
 F = Levels seen in this place.
 G = Mean time per level.
                   A        B        C        D        E       F      G
               +--------+--------+--------+--------+--------+-----+--------+
         Total |   6640 |   6501 |    139 |   1346 |   3649 |   8 |  830.0 |
       Dungeon |   6467 |   6349 |    118 |   1346 |   3512 |   7 |  923.9 |
        Temple |    172 |    151 |     21 |      0 |    137 |   1 |  172.0 |
               +--------+--------+--------+--------+--------+-----+--------+

Top non-repeatable levels by time:
     D:2: 1426 daAuts
     D:3: 1315 daAuts
     D:6: 1081 daAuts
     D:5: 1047 daAuts
     D:4: 926 daAuts
     D:1: 559 daAuts
  Temple: 172 daAuts
     D:7: 111 daAuts
